 Dungeon Crawl Stone Soup version 0.31-a0-200-gbc41564c69 (webtiles) character file.

Game seed: 14289949751249453786

238 qw the Skirmisher (level 5, 0/29 HPs)
             Began as a Deep Elf Hunter on June 25, 2023.
             Slain by a phantom (4 damage)
             ... on level 7 of the Dungeon.
             The game lasted 00:01:10 (2771 turns).

qw the Skirmisher (Deep Elf Hunter)                 Turns: 2771, Time: 00:01:11

Health: 0/29       AC:  3    Str: 10    XL:     5   Next: 78%
Magic:  7/7        EV: 13    Int: 14    God:
Gold:   50         SH:  0    Dex: 18    Spells: 4/4 levels left

rFire   . . .        Y - +1 shortbow
rCold   . . .        (shield currently unavailable)
rNeg    . . .        c - +0 leather armour
rPois   +            (no helmet)
rElec   .            (no cloak)
rCorr   .            (no gloves)
SInv    .            (no boots)
Will    .....        (no amulet)
Stlth   ++           b - ring of poison resistance
HPRegen 0.24/turn    (no ring)
MPRegen 0.10/turn

%: no passive effects
@: no status effects
A: no striking features
a: no special abilities


You were on level 7 of the Dungeon.
You visited 1 branch of the dungeon, and saw 5 of its levels.

You collected 347 gold pieces.
You spent 297 gold pieces at shops.


   Skills:
 + Level 1.5 Fighting
 - Level 9.1 Ranged Weapons
 - Level 3.1 Dodging
 - Level 1.2 Stealth


You had 4 spell levels left.
You didn't know any spells.
Your spell library was empty.

Inventory:

Hand Weapons
 Y - a +1 shortbow (weapon)
Armour
 c - a +0 leather armour (worn)
 g - the +1 ring mail "Netaiw" {rElec rF++ rC+ Stlth+}
   (You bought it in a shop on level 4 of the Dungeon)

   rF:        It greatly protects you from fire.
   rC:        It protects you from cold.
   rElec:     It insulates you from electricity.
   Stlth:     It makes you more stealthy.
 k - a +0 pair of boots of flying
Jewellery
 b - a ring of poison resistance (left hand)
Scrolls
 a - a scroll of identify
 i - a scroll of revelation {unknown}
Potions
 d - a potion of lignification {unknown}
 e - a potion of mutation
 f - a potion of might {unknown}
 h - a potion of haste
 j - a potion of degeneration {unknown}

Dungeon Overview and Level Annotations

Branches:
Dungeon (4/15)
 Temple: D:4-7

Altars:
Dithmenos
Kikubaaqudgha
Ru
Trog

Shops:
D:4 [


Message History

You start resting.
A phantom comes into view.
You shoot an arrow. The arrow hits the phantom!
The phantom is moderately damaged.
You shoot an arrow. The arrow misses the phantom.
You shoot an arrow. The arrow hits the phantom.
The phantom is heavily damaged.
You shoot an arrow. The arrow barely misses the phantom.
You shoot an arrow.
The arrow hits the phantom but does no damage.
The phantom is heavily damaged.
You shoot an arrow.
The arrow hits the phantom but does no damage.
The phantom is heavily damaged.
You shoot an arrow. The arrow closely misses the phantom.
The phantom hits you.
The phantom blinks!
You blink.
You shoot an arrow.
The arrow completely misses the phantom.
The phantom closely misses you.
You shoot an arrow.
The arrow hits the phantom but does no damage.
The phantom is heavily damaged.
The phantom barely misses you.
You shoot an arrow. The arrow barely misses the phantom.
The phantom barely misses you.
You shoot an arrow. The arrow hits the phantom.
The phantom is severely damaged.
The phantom hits you.
The phantom blinks!
You blink.
You shoot an arrow. The arrow barely misses the phantom.
The phantom barely misses you.
You shoot an arrow. The arrow misses the phantom.
The phantom hits you.
You shoot an arrow.
The arrow hits the phantom but does no damage.
The phantom is severely damaged.
The phantom hits you.
You shoot an arrow. The arrow hits the phantom.
The phantom is almost destroyed.
The phantom hits you.
You die...

# ####
#.#####..#.# #
##...W......#.###
#....@.##.......##
#................#
#####.....##....#
##..........##
###...........#.
#...............
##.............#
#....#.........
#....##..#.....


You could see a phantom.

Vanquished Creatures
  An iguana (D:7)
  An orc wizard (D:4)
  Terence (D:2)
  4 gnolls
  2 adders (D:3)
  3 worms (D:2)
  7 dart slugs
  3 orcs (D:4)
  8 endoplasms
  2 giant cockroaches
  9 goblins
  5 hobgoblins
  12 kobolds
  3 quokkas (D:1)
  7 ball pythons
  8 bats
  3 frilled lizards
  5 rats
84 creatures vanquished.

Notes
Turn   | Place    | Note
-------+----------+-------------------------------------------
     0 | D:1      | qw the Deep Elf Hunter began the quest for the Orb.
     0 | D:1      | Reached XP level 1. HP: 12/12 MP: 3/3
     0 | D:1      | 0 ||| qw: Version: 0.3-a-22-g0ed2b0b
     0 | D:1      | 0 ||| qw: Game counter: 5619
     0 | D:1      | 0 ||| qw: Melee chars always use a shield: true
     0 | D:1      | 0 ||| qw: God list: Okawaru
     0 | D:1      | 0 ||| qw: Allow faded altars: false
     0 | D:1      | 0 ||| qw: Do Orc after clearing Dungeon:15 true
     0 | D:1      | 0 ||| qw: Do second Lair branch before Depths: true
     0 | D:1      | 0 ||| qw: Lair rune preference: random
     0 | D:1      | 0 ||| qw: Goals: Normal
     0 | D:1      | 0 ||| PLANNING D:1-11
    90 | D:1      | Reached skill level 6 in Ranged Weapons
    90 | D:1      | Reached XP level 2. HP: 16/16 MP: 4/4
   160 | D:1      | 160 ||| FLEEEEING.
   161 | D:1      | 161 ||| FLEEEEING.
   162 | D:1      | 162 ||| FLEEEEING.
   323 | D:1      | 323 ||| Stepping ~*~*~tactically~*~*~ (outnumbered).
   326 | D:1      | Reached XP level 3. HP: 20/20 MP: 5/5
   368 | D:1      | 368 ||| READING 2 scrolls labelled QANEPHOSAE.
   369 | D:1      | 369 ||| DROPPING scroll of butterflies.
   625 | D:2      | Noticed Terence
   635 | D:2      | HP: 5/20 [Terence/+0 short sword (5)]
   636 | D:2      | Killed Terence
   637 | D:2      | Reached skill level 7 in Ranged Weapons
   784 | D:2      | Reached XP level 4. HP: 25/25 MP: 6/6
   806 | D:2      | 806 ||| FLEEEEING.
   807 | D:2      | 807 ||| FLEEEEING.
   812 | D:2      | 812 ||| FLEEEEING.
  1474 | D:2      | 1474 ||| READING scroll labelled ANUBBEUVEU.
  1475 | D:2      | 1475 ||| READING scroll labelled MOUDIL KUPEFUB.
  1476 | D:2      | 1476 ||| READING scroll labelled ROIRCH EGUF LEA.
  1519 | D:2      | 1519 ||| READING scroll labelled QUNGIU KITOERGH.
  1524 | D:2      | 1524 ||| READING scroll labelled MANAPH TEGUE.
  1525 | D:2      | 1525 ||| DRINKING 2 emerald potions.
  1526 | D:2      | 1526 ||| READING 4 scrolls of identify.
  1526 | D:2      | 1526 ||| IDENTIFYING bubbling dark potion
  1527 | D:2      | 1527 ||| READING 3 scrolls of identify.
  1527 | D:2      | 1527 ||| IDENTIFYING grey potion
  1528 | D:2      | 1528 ||| DROPPING potion of invisibility.
  1637 | D:3      | Reached skill level 8 in Ranged Weapons
  1668 | D:3      | Found a bloodstained altar of Trog.
  1852 | D:3      | Found an ancient bone altar of Kikubaaqudgha.
  2111 | D:3      | Reached XP level 5. HP: 29/29 MP: 7/7
  2117 | D:3      | Found a shadowy altar of Dithmenos.
  2187 | D:3      | Found a sacrificial altar of Ru.
  2400 | D:3      | 2400 ||| UPGRADING to ring of poison resistance.
  2401 | D:3      | 2401 ||| READING scroll labelled MEG QE YSE.
  2402 | D:3      | 2402 ||| READING 2 scrolls of identify.
  2402 | D:3      | 2402 ||| IDENTIFYING metallic clear potion
  2492 | D:4      | 2492 ||| Stepping ~*~*~tactically~*~*~ (outnumbered).
  2496 | D:4      | 2496 ||| FLEEEEING.
  2520 | D:4      | 2520 ||| FLEEEEING.
  2521 | D:4      | 2521 ||| FLEEEEING.
  2608 | D:4      | Found Jaciagg's Antique Armour Shoppe.
  2611 | D:4      | 2611 ||| Stepping ~*~*~tactically~*~*~ (outnumbered).
  2613 | D:4      | 2613 ||| Stepping ~*~*~tactically~*~*~ (outnumbered).
  2628 | D:4      | HP: 7/29 [something (2)]
  2629 | D:4      | 2629 ||| READING scroll of teleportation.
  2629 | D:4      | HP: 3/29 [something (2)]
  2630 | D:4      | 2630 ||| DRINKING potion of heal wounds.
  2651 | D:4      | Reached skill level 9 in Ranged Weapons
  2663 | D:4      | 2663 ||| BUYING crude ring mail (162 gold).
  2663 | D:4      | Bought a crude ring mail for 162 gold pieces
  2663 | D:4      | Identified the +1 ring mail "Netaiw" {rElec rF++ rC+
                  | Stlth+} (You bought it in a shop on level 4 of the Dungeon)
  2663 | D:4      | 2663 ||| BUYING pair of glowing boots (135 gold).
  2663 | D:4      | Bought a pair of glowing boots for 135 gold pieces
  2726 | D:4      | You fall into a shaft and drop 3 floors!
  2741 | D:7      | Reached skill level 3 in Dodging
  2756 | D:7      | Noticed a phantom
  2769 | D:7      | HP: 7/29 [phantom (6)]
  2771 | D:7      | Slain by a phantom

Levels and vault maps discovered:
D:1:      psy_arrival_terrarium, layout_loops_ring, hex_medium,
          skrybe_limestone_x
D:2:      layout_loops_corners, uniq_terence
D:3:      layout_basic, mainiacjoe_overflow_boulevard,
          mainiacjoe_overflow_surrounded_room, mainiacjoe_overflow_brackets,
          marbit_many_paths, minmay_misc_feat_secret_circle
D:4:      layout_basic, amethyst_overflow_temple_binary, serial_shops,
          nicolae_shop_overgrown_old_shop, st_stairs_5
D:7:      layout_cave_pools, dreamdust_divine_triumvirate,
          nicolae_overflow_squiral, lightli_temple_of_fire, uniq_duvessa

Skill      XL: |  1  2  3  4  5 |
---------------+----------------+-----
Ranged Weapons | 6 7 8 9 |  9.1
Dodging        | 3 |  3.1
Fighting       | |  1.5
Stealth        | |  1.2

Action                     |  1- 3 |  4- 6 || total
---------------------------+-------+-------++-------
   Fire: Shortbow          |    89 |   151 ||   240
    Use: Scroll            |     1 |    10 ||    11
         Potion            |       |     2 ||     2
 Armour: Leather armour    |       |     9 ||     9
  Dodge: Dodged            |     8 |    18 ||    26

Table legend:
 A = Non-vault XP
 B = Vault XP
 C = Vault XP percentage of total XP
 D = Non-vault monster count
 E = Vault monster count
 F = Vault count percentage of total count
                 A         B        C        D         E       F
            +---------+---------+-------+---------+---------+-------
      Total |     290 |      51 |  15.0 |      79 |       5 |   6.0
            +---------+---------+-------+---------+---------+-------
        D:1 |      54 |       0 |   0.0 |      29 |       0 |   0.0
        D:2 |      51 |      32 |  38.6 |      23 |       1 |   4.2
        D:3 |      87 |       1 |   1.1 |      13 |       1 |   7.1
        D:4 |      61 |      18 |  22.8 |      13 |       3 |  18.8
        D:7 |      37 |       0 |   0.0 |       1 |       0 |   0.0
            +---------+---------+-------+---------+---------+-------
